 Dungeon Crawl Stone Soup version 0.30-a0-137-gd8773701ce (webtiles) character file.

Game seed: 9527740380932670651

12 spaghetti the Caller (level 2, -3/24 HPs)
             Began as an Ogre Summoner on Sept 23, 2022.
             Slain by a gnoll
             ... wielding a +0 spear
              (9 damage)
             ... on level 2 of the Dungeon.
             The game lasted 00:00:40 (164 turns).

spaghetti the Caller (Ogre Summoner)                 Turns: 164, Time: 00:00:40

Health: -3/24      AC:  4    Str: 11    XL:     2   Next: 33%
Magic:  1/6        EV:  9    Int: 16    God:
Gold:   7          SH:  0    Dex:  9    Spells: 6/7 levels left

rFire   . . .      SeeInvis .    d - +0 spear {polearm}
rCold   . . .      Faith    .    (no shield)
rNeg    . . .      Spirit   .    a - +1 robe
rPois   .          Reflect  .    (helmet restricted)
rElec   .          Harm     .    (no cloak)
rCorr   .          Rampage  .    (gloves unavailable)
Will    .....                    (boots unavailable)
Stlth   +.........               (no amulet)
HPRegen 0.08/turn                (no ring)
MPRegen 0.10/turn                (no ring)

@: no status effects
A: large, unfitting armour, tough skin 1
a: no special abilities


You were on level 2 of the Dungeon.
You visited 1 branch of the dungeon, and saw 2 of its levels.

You collected 7 gold pieces.


Innate Abilities, Weirdness & Mutations

You are too large for most types of armour.
You have tough skin. (AC +1)


   Skills:
 - Level 1.7 Dodging
 - Level 1.4 Stealth
 + Level 3.0 Spellcasting
 + Level 3.9 Summonings


You had 6 spell levels left.
You knew the following spells:

 Your Spells              Type           Power      Damage    Failure   Level
a - Summon Small Mammal   Summ           56%        N/A       3%          1

Your spell library contained the following spells:

 Spells                   Type           Power      Damage    Failure   Level
 Call Imp                 Summ           14%        N/A       5%          2
 Call Canine Familiar     Summ           14%        N/A       11%         3
 Summon Guardian Golem    Hex/Summ       8%         N/A       26%         3
 Tukima's Dance           Hex            2%         N/A       50%         3
 Summon Lightning Spire   Summ/Air       8%         N/A       63%         4
 Passage of Golubria      Tloc           2%         N/A       88%         4
 Yara's Violent Unravell  Hex/Tmut       1%         3d3       99%         5

Inventory:

Hand Weapons
 d - a +0 spear (weapon) {polearm}
   (You found it on level 1 of the Dungeon)
Armour
 a - a +1 robe (worn)
Potions
 b - a potion of magic

Dungeon Overview and Level Annotations

Branches:
Dungeon (1/15) Zot: 11835

Altars:

# #. ..# .#### ..#
...#### ...# ..!..#
...# #.##.###...###
#.#...........
#.ggg..†......
.#.##@#...........
#......##.##....#.#
#.#.......# .g..#
####$#### ....# #.#
....# ..# ...g# ...
..... ... ......


You could see 3 gnolls.


Message History

The hobgoblin barely misses your quokka.
Your quokka bites the hobgoblin.
Your quokka bites the hobgoblin but does no damage.
Your quokka closely misses the hobgoblin.
The hobgoblin closely misses your quokka.
Unknown command.
Okay, then.
Your quokka barely misses the hobgoblin.
Your quokka bites the hobgoblin.
The hobgoblin dies!
Your quokka closely misses the gnoll.
Your quokka completely misses the gnoll.
The rat completely misses you. The gnoll misses your quokka.
Really attack while wielding nothing? [Y]es or [N]o only, please.
Really attack while wielding nothing?
You hit the rat.
Your quokka bites the gnoll.
The rat bites you but does no damage.
The gnoll hits your quokka with a +0 halberd.
d - a +0 spear (weapon)
{polearm} Your quokka closely misses the gnoll.
You barely miss the rat. The rat bites you.
The gnoll hits your quokka with a +0 halberd!
Your quokka dies!
Your quokka's corpse disappears in a puff of smoke!
Your quokka bites the rat.
The rat dies! 😮 HP[-1]
You take 1 damage, and now have 11/16 hp.
Casting: Summon Small Mammal (safe; 4% risk of failure)
Confirm with . or Enter, or press ? or * to list all spells.
A gnoll comes into view. It is wielding a +0 whip. 😮 MP[-1]
You lost 1 mp, and now have 0/4 mp.
Reach: d) +0 spear {polearm}
Press: ? - help, Dir - move target, f - you
Okay, then.
Your quokka bites the gnoll. 😮 MP[+1] Reach: d) +0 spear {polearm}
Press: ? - help, Dir - move target, f - gnoll
Aim: a gnoll, wielding a +0 flail (moderately wounded, ally target, about 40% to evade your +0 spear)
You reach to attack!
You hit the gnoll.
Your quokka bites the gnoll.
The gnoll dies!
The gnoll misses your quokka.
Your quokka barely misses the gnoll.
Your Spellcasting skill increases to level 3!
You have reached level 2! 😮 HP[+6]
You now have 24 max hp (+8).
You regained 6 hp, and now have 17/24 hp.
Your quokka bites the gnoll.
The gnoll hits your quokka with a +0 spear.
The gnoll barely misses your quokka.
Your quokka closely misses the gnoll.
Your quokka bites the gnoll.
The gnoll hits your quokka with a +0 halberd.
Your quokka misses the gnoll. The gnoll misses your quokka.
The gnoll hits your quokka with a +0 whip.
Your quokka dies!
Your quokka's corpse disappears in a puff of smoke!
Your quokka bites the gnoll.
The gnoll hits your quokka with a +0 spear!
Your quokka dies!
Your quokka's corpse disappears in a puff of smoke!
Casting: Summon Small Mammal (safe; 3% risk of failure)
Confirm with . or Enter, or press ? or * to list all spells.
😮 MP[-1]
You lost 1 mp, and now have 0/6 mp.
Reach: d) +0 spear {polearm}
Press: ? - help, Dir - move target, f - gnoll
Aim: a gnoll, wielding a +0 whip (ally target, about 40% to evade your +0 spear)
You reach to attack!
You hit the gnoll but do no damage. The gnoll closely misses you.
Your quokka closely misses the gnoll. 😮 HP[+1]
The gnoll barely misses something.
You closely miss the gnoll. The gnoll hits you with a +0 whip.
Something hits your quokka.
Your quokka bites the gnoll but does no damage. 😮 HP[-3]
You take 3 damage, and now have 15/24 hp.
Unknown command.
Unknown command.
You hit the gnoll but do no damage.
Your quokka closely misses the gnoll.
Something hits your quokka.
Your quokka dies!
Your quokka's corpse disappears in a puff of smoke!
The gnoll hits you with a +0 whip.
* * * LOW HITPOINT WARNING * * *
The gnoll hits you with a +0 whip.
* * * LOW HITPOINT WARNING * * *
😱 HP[-9]
You take 9 damage, and now have 6/24 hp.
MASSIVE DAMAGE!! (PAUSE) Unknown command.
Unknown command.
Okay, then.
As you read the scroll labelled HUPRIKI CULUO, it crumbles to dust.
It is a scroll of enchant armour.
Your +0 robe glows green for a moment.
The gnoll hits you from afar with a +0 spear!
You die...

Skill      XL: |  1 |
---------------+----+-----
Spellcasting   | 3 |  3.0
Dodging        | |  1.7
Stealth        | |  1.4
Summonings     | |  3.9

Action                   || total
-------------------------++-------
Melee: Spear             ||     5
       Unarmed           ||     1
 Cast: Summon Small Mamm ||     6
  Use: Scroll            ||     1
Armor: Robe              ||     1
Dodge: Dodged            ||     4

Levels and vault maps discovered:
D:1:      onia_arrival_mini_maze, layout_basic, serial_shops,
          nicolae_square_shop, shapermc_ecumenical_altar_ellora
D:2:      layout_loops_cross, minmay_joined_circles

Notes
Turn   | Place    | Note
-------+----------+-------------------------------------------
     0 | D:1      | spaghetti the Ogre Summoner began the quest for the Orb.
     0 | D:1      | Reached XP level 1. HP: 16/16 MP: 3/3
     0 | D:1      | magus.rc [v1.9.6]
    47 | D:1      | You add the spells Tukima's Dance, Passage of Golubria and
                  | Yara's Violent Unravelling to your library.
   137 | D:1      | You fall into a shaft and drop 1 floor!
   156 | D:2      | Reached skill level 3 in Spellcasting
   156 | D:2      | Reached XP level 2. HP: 17/24 MP: 1/6
   163 | D:2      | HP: 6/24 [gnoll/+0 whip (3)]
   164 | D:2      | Slain by a gnoll

Vanquished Creatures (collateral kills)
  A gnoll (D:2)
  A hobgoblin (D:2)
  2 rats
4 creatures vanquished.

Table legend:
 A = Non-vault XP
 B = Vault XP
 C = Vault XP percentage of total XP
 D = Non-vault monster count
 E = Vault monster count
 F = Vault count percentage of total count
                 A         B        C        D         E       F
            +---------+---------+-------+---------+---------+-------
      Total |      17 |       1 |   5.6 |       3 |       1 |  25.0
            +---------+---------+-------+---------+---------+-------
        D:1 |       0 |       1 | 100.0 |       0 |       1 | 100.0
        D:2 |      17 |       0 |   0.0 |       3 |       0 |   0.0
            +---------+---------+-------+---------+---------+-------

Illustrated notes

Table legend:
 A = Kills in this place as a percentage of kills in entire the game.
 B = Kills by you in this place as a percentage of kills by you in the entire game.
 C = Kills by friends in this place as a percentage of kills by friends in the entire game.
 D = Other kills in this place as a percentage of other kills in the entire game.
 E = Experience gained in this place as a percentage of experience gained in the entire game.
 F = Experience gained in this place divided by the number of levels of this place that you have seen.
                   A       B       C       D       E      F
               +-------+-------+-------+-------+-------+----------------------
         Total | 100.0 |   N/A | 100.0 |   N/A | 100.0 |   9.0
       Dungeon | 100.0 |   N/A | 100.0 |   N/A | 100.0 |   9.0
               +-------+-------+-------+-------+-------+----------------------

Table legend: (Time is in decaauts)
 A = Elapsed time spent in this place.
 B = Non-inter-level travel time spent in this place.
 C = Inter-level travel time spent in this place.
 D = Time resting spent in this place.
 E = Time spent auto-exploring this place.
 F = Levels seen in this place.
 G = Mean time per level.
                   A        B        C        D        E       F      G
               +--------+--------+--------+--------+--------+-----+--------+
         Total |    163 |    163 |      0 |      0 |    125 |   2 |   81.5 |
       Dungeon |    163 |    163 |      0 |      0 |    125 |   2 |   81.5 |
               +--------+--------+--------+--------+--------+-----+--------+

Top non-repeatable levels by time:
     D:1: 137 daAuts
     D:2: 26 daAuts
